 Dungeon Crawl Stone Soup version 0.27-a0-1101-ge311f74bc8 (webtiles) character file.

Game seed: 8376136355234490689

119935 robertstho the Eclecticist (level 16, -12/112 HPs)
             Began as a Djinni Fire Elementalist on Apr 27, 2021.
             Was a High Priest of Ashenzari.
             Killed from afar by a frost giant (85 damage)
             ... with a bolt of cold
             ... on level 15 of the Dungeon on Apr 28, 2021.
             The game lasted 01:22:06 (18550 turns).

robertstho the Eclecticist (DjFE)                  Turns: 18550, Time: 01:22:07

Health: -12/112    AC: 13    Str:  7    XL:     16   Next: 80%
Gold:   3844       EV: 21    Int: 20    God:    Ashenzari [*****.] SH:  0 Dex: 14

rFire    + + .     SeeInvis +   w - +8 whip "Snakebite" {curare, rPois, Range, Melee} (curse)
rCold    x . .     Faith    .   (no shield)
rNeg     . . .     Spirit   .   h - +0 troll leather armour "Tethered With Me" {Regen+, Purgy, Evo, Cun} (curse)
rPois    ∞         Reflect  .   s - +0 helmet of Ashenzari's Prison {Cun, Evo} (curse)
rElec    .         Harm     .   J - scarf of the Shattered Seer {repulsion, Cun, Self} (curse)
rCorr    .         Rampage  .   c - +0 pair of gloves of the Oracular Paranoia {Evo, Self} (curse)
Will     +....     Clarity  +   (boots unavailable)
Stlth    +++++.....             d - amulet of Ashenzari's Suspicion {Regen+, Self, Cun} (curse)
HPRegen  2.28/turn              a - ring of Ashenzari's Dismay {EV+4, Cun, Range} (curse)
MPRegen  0.00/turn              f - ring of the Unveiling Burden {AC+4, Evo, Melee} (curse)

@: flying, very slightly contaminated, studying Armour, repel missiles
A: fire resistance 2, cold vulnerability 1, float, innate caster, hp casting,
extra vitality 1, berserk 1, dopey 2, subdued magic 1
a: Renounce Religion, Curse Item, Shatter the Chains


You were on level 15 of the Dungeon.
You worshipped Ashenzari.
Ashenzari was extremely pleased with you.
You visited 4 branches of the dungeon, and saw 23 of its levels.
You also visited: Sewer and Ossuary.

You collected 4570 gold pieces.
You spent 726 gold pieces at shops.

Inventory:

Hand Weapons
 w - the cursed +8 whip "Snakebite" (weapon) {curare, rPois, Range, Melee}
   (You found it on level 2 of the Lair of Beasts)

   It poisons the flesh of those it strikes.
   It protects you from poison.
   It has a curse which improves the following skills: Ranged Combat: Slings,
   Bows, Crossbows and Throwing.
   Melee Combat: Short Blades, Long Blades, Axes, Maces & Flails, Polearms,
   Staves and Unarmed Combat.
 B - a +4 scimitar of flaming
 O - the +4 dagger of the Crawling Thing {vorpal, Dex+4 SInv Stlth+}
   (You found it on level 6 of the Lair of Beasts)

   It inflicts extra damage upon your enemies.
   It affects your dexterity (+4).
   It lets you see invisible.
   It makes you more stealthy.
Armour
 c - the cursed +0 pair of gloves of the Oracular Paranoia (worn) {Evo, Self}
   (You found it on level 2 of the Dungeon)

   It has a curse which improves the following skills: Evocations: Evocations.
   Introspection: Fighting and Spellcasting.
 h - the cursed +0 troll leather armour "Tethered With Me" (worn) {Regen+, Purgy, Evo, Cun}
   (You found it in a sewer)

   It increases your rate of health regeneration.
   It has a curse which improves the following skills: Evocations: Evocations.
   Cunning:   Dodging and Stealth.
 s - the cursed +0 helmet of Ashenzari's Prison (worn) {Cun, Evo}
   (You found it on level 9 of the Dungeon)

   It has a curse which improves the following skills: Cunning: Dodging and
   Stealth.
   Evocations: Evocations.
 J - the cursed scarf of the Shattered Seer (worn) {repulsion, Cun, Self}
   (You found it on level 5 of the Lair of Beasts)

   It has a curse which improves the following skills: Cunning: Dodging and
   Stealth.
   Introspection: Fighting and Spellcasting.
 K - the +4 robe of Proximity {rN+}
   (You found it on level 6 of the Lair of Beasts)

   It protects you from negative energy.
Jewellery
 a - the cursed ring of Ashenzari's Dismay (left hand) {EV+4, Cun, Range}
   (You found it on level 7 of the Dungeon)

   [ring of evasion]

   It affects your evasion (+4).
   It has a curse which improves the following skills: Cunning: Dodging and
   Stealth.
   Ranged Combat: Slings, Bows, Crossbows and Throwing.
 d - the cursed amulet of Ashenzari's Suspicion (around neck) {Regen+, Self, Cun}
   (You bought it in a shop on level 6 of the Dungeon)

   [amulet of regeneration]

   It increases your rate of health regeneration.
   It has a curse which improves the following skills: Introspection: Fighting
   and Spellcasting.
   Cunning:   Dodging and Stealth.
 e - a ring of the Octopus King {MP+9 AC+1 EV+1 Str+1 Int+1 Dex+1}
   (You found it on level 8 of the Dungeon)

   [ring of magical power]

   It affects your AC (+1).
   It affects your evasion (+1).
   It affects your strength (+1).
   It affects your intelligence (+1).
   It affects your dexterity (+1).
   It affects your magic capacity (+9).
 f - the cursed ring of the Unveiling Burden (right hand) {AC+4, Evo, Melee}
   (You bought it in a shop on level 6 of the Dungeon)

   [ring of protection]

   It affects your AC (+4).
   It has a curse which improves the following skills: Evocations: Evocations.
   Melee Combat: Short Blades, Long Blades, Axes, Maces & Flails, Polearms,
   Staves and Unarmed Combat.
 m - a ring of positive energy
 A - the ring of Noupamm {rElec rPois Dex+6 Stlth-}
   (You acquired it on level 3 of the Lair of Beasts)

   [ring of dexterity]

   It affects your dexterity (+6).
   It insulates you from electricity.
   It protects you from poison.
   It makes you less stealthy.
 C - a ring of fire
 E - the ring of Kovepyss {Fire rElec MP+9 Str+4}
   (You found it on level 3 of the Lair of Beasts)

   [ring of fire]

   It enhances your fire magic.
   It affects your strength (+4).
   It protects you from fire.
   It makes you vulnerable to cold.
   It insulates you from electricity.
   It affects your magic capacity (+9).
 F - a ring of fire
 G - a +6 ring of intelligence
 P - a ring of wizardry
Wands
 j - a wand of iceblast (31)
 p - a wand of acid (19)
 x - a wand of digging (12)
 I - a wand of flame (59)
 L - a wand of mindburst (33)
Scrolls
 b - 5 scrolls of enchant armour
 k - a scroll of brand weapon
 n - 7 scrolls of enchant weapon
 t - 2 scrolls of fear
 v - 2 scrolls of blinking
 D - a scroll of fog
 H - 4 scrolls of teleportation
 M - 2 scrolls of magic mapping
Potions
 g - 8 potions of mutation
 i - 5 potions of might
 l - 2 potions of heal wounds
 o - 11 potions of curing
 q - 4 potions of ambrosia
 r - 3 potions of resistance
 u - 3 potions of invisibility
 z - 4 potions of brilliance
 Q - a potion of berserk rage
 R - a potion of haste
Miscellaneous
 y - a lightning rod (4/4)
 N - a tin of tremorstones (2/2)


   Skills:
 + Level 4.7(9.7) Fighting
 + Level 0.9(3.0) Short Blades
 + Level 3.3(6.8) Maces & Flails
 * Level 13.9 Armour
 + Level 6.6(13.5) Dodging
 + Level 5.1(11.9) Stealth
 + Level 19.5(23.6) Spellcasting


You had 21 spell levels left.
You knew the following spells:

 Your Spells              Type           Power      Damage    Failure   Level
a - Foxfire               Conj/Fire      100%       2x1d9     0%          1
b - Conjure Flame         Conj/Fire      74%        6-21      0%          3
c - Inner Flame           Hex/Fire       74%        N/A       0%          3
d - Sticky Flame          Conj/Fire      74%        2d9       0%          4
e - Fireball              Conj/Fire      37%        3d15      0%          5
f - Sandblast             Erth           100%       2d20      0%          1
g - Searing Ray           Conj           100%       3d7       0%          2
h - Spider Form           Tmut/Pois      37%        N/A       0%          3
i - Stone Arrow           Conj/Erth      100%       3d13      0%          3
j - Lee's Rapid Deconstr  Erth           37%        3d19*     0%          5
k - Irradiate             Conj/Tmut      37%        3d26      0%          5
l - Shadow Creatures      Summ           N/A        N/A       0%          6
Your spell library was empty.

Dungeon Overview and Level Annotations

Branches:
Dungeon (15/15)            Temple (1/1) D:5            Lair (6/6) D:8
 Shoals (0/4) Lair:3        Snake (0/4) Lair:3        Slime (0/5) Lair:5
    Orc (2/2) D:11            Elf (0/3) Orc:2        Vaults (0/5) D:14
 Depths (0/5) D:15          Sewer (visited)         Ossuary (visited)

Altars:
Ashenzari
Cheibriados
Dithmenos
Elyvilon
Fedhas
Gozag
Hepliaklqana
Kikubaaqudgha
Makhleb
Nemelex Xobeh
Okawaru
Qazlal
Ru
Sif Muna
Trog
Uskayaw
Vehumet
Wu Jian
Xom
Yredelemnul
Zin
The Shining One

Shops:
D:6 =   Orc:2 (:[[

Annotations:
Lair:4 1 runed translucent door, indyram44's ghost, journeyman DsFi
Lair:6 exclusion: obsidian statue


Innate Abilities, Weirdness & Mutations

You are immune to poison.
Your flesh is very heat resistant. (rF++)
You are vulnerable to cold. (rC-)
You float through the air rather than walking.
You learn spells naturally, not from books.
Your magical power is your life essence.
You have superior vitality. (+4 HP)
You tend to lose your temper in combat.
You are very dopey. (Int -4)
Your spells are a little easier to cast, but a little less powerful.


Message History

The centaur warrior kicks you but does no damage.
There is an open door here.
You see here a hornet corpse.
Unknown command.
Casting: Irradiate (safe; 0% risk of failure)
Confirm with . or Enter, or press ? or * to list all spells.
You erupt in a fountain of uncontrolled magic!
The centaur warrior is blasted with magical radiation!!!
The centaur warrior is almost dead.
The centaur warrior twists and deforms.
The centaur warrior completely misses you.
The centaur warrior kicks you but does no damage.
Casting: Irradiate (safe; 0% risk of failure)
Confirm with . or Enter, or press ? or * to list all spells.
You erupt in a fountain of uncontrolled magic!
The centaur warrior is blasted with magical radiation!!!
You kill the centaur warrior!
You are contaminated with residual magic.
Your body shudders with the violent release of wild energies!
You feel stupid.
You feel less contaminated with magical energies.
Unknown command.
A troll comes into view.
The frost giant gestures at you while chanting.
The bolt of cold misses you.
Things that are here:
a +0 shortbow; 24 arrows Unknown command.
Casting: Irradiate (safe; 0% risk of failure)
Confirm with . or Enter, or press ? or * to list all spells.
Aiming: Fireball (safe; 0% risk of failure)
Press: ? - help, Shift-Dir - straight line, f - frost giant
Aim: a frost giant, wielding a +1 battleaxe of freezing The fireball explodes!
The fireball engulfs the frost giant.
The frost giant is lightly wounded.
The orc knight shouts!
The orc shouts!
You hear a shout!
The frost giant gestures at you while chanting.
The bolt of cold hits you!!!!
You feel a terrible chill!
Ouch! That really hurt!
You die...

,,#....#
#.##########...........
**,, ,*
#.#).#..#..'..:........
,,,, *
#.#..'..'..#....#####.(
,
#.##)#######:#..#...#..
* ***
#.#..#.|'c{#.#..#...'..
,
,.#..#[.#$.#.#..#...#..
, , ,
,.##'####'##.#..#####..
, , ,,
,.#..†8.C..#.#.........
,,,, *,,
.#.†#@8#..#.#.........
,,,* *.########
*......... , * ,
*......oo.{ ...######
,,,, ,* ##.T.##* .. ..#
,* *** ,, .,, ,.+ , ,
,, , ,, , { ,* , + , ,
, ,, ,, , , ,* , # ***
, , , ,, , , , , ,, ,#
* *, , , , ,, , , , * ,
,#


You could see a frost giant, an orc knight (wandering), a troll (wandering) and
an orc (wandering).

Vanquished Creatures
  2 ghouls (D:13)
  The ghost of Demosthentine the Impaler, a journeyman MfGl of the Shining One (Lair:3)
  4 dire elephants (Lair:6)
  An ettin (D:15)
  8 boulder beetles
  Harold (D:10)
  A great orb of eyes (D:7)
  8 hydras
  3 ogre magi
  5 centaur warriors
  12 two-headed ogres
  10 death yaks
  A tengu warrior (D:15)
  Urug (Orc:2)
  10 skeletal warriors
  A deep troll (Orc:2)
  A spectral anaconda (Lair:6)
  A wizard (D:14)
  An orc knight (Orc:1)
  3 deep elf pyromancers
  4 necromancers (Lair:6)
  A wolf spider (D:15)
  An orc sorcerer (Orc:1)
  2 wolf spider zombies (D:13)
  9 cyclopes
  6 ugly things
  2 manticores
  4 oklob plants (Lair:2)
  23 elephants
  Maurice (Orc:1)
  6 black mambas
  A dire elephant zombie (Lair:6)
  2 gargoyles
  A torpor snail (Lair:4)
  14 cane toads
  An unseen horror (shapeshifter) (D:14)
  An efreet (D:13)
  5 rime drakes
  4 komodo dragons
  A freezing wraith (D:14)
  2 tengu conjurers
  A guardian mummy (D:13)
  A wind drake (shapeshifter) (D:14)
  9 trolls
  A meliai (D:14)
  13 blink frogs
  2 hornets
  3 spectral elephants (Lair:6)
  12 slime creatures
  A dire elephant simulacrum (Lair:6)
  59 yaks
  A water elemental (D:13)
  A wraith (D:10)
  A shadow (D:11)
  7 wyverns
  4 basilisks
  A death yak simulacrum (Lair:6)
  4 vampire mosquitoes
  Edmund (D:6)
  4 wargs
  3 spectral cane toads (Lair:6)
  An acid dragon (D:14)
  2 hydra simulacra (Lair:3)
  Purgy (Sewer)
  18 water moccasins
  3 ice beasts
  A sky beast (D:5)
  A black bear (D:8)
  2 necrophages
  19 orc warriors
  2 elephant zombies (Lair:6)
  A black mamba simulacrum (Lair:3)
  26 ogres
  15 wolves
  5 boggarts (D:15)
  6 elephant skeletons (Lair:6)
  2 phantoms (D:11)
  9 centaurs
  5 kobold brigands
  16 bullfrogs
  3 gnoll sergeants
  2 wyvern zombies (D:8)
  3 cane toad simulacra
  A wyvern skeleton (D:7)
  A water moccasin skeleton (D:7)
  2 troll zombies (D:11)
  24 killer bees
  A wight (D:7)
  2 elephant simulacra
  2 howler monkeys
  3 electric eels
  A torpor snail simulacrum (Lair:3)
  2 lava snakes (D:13)
  17 centaur zombies
  2 jellies
  A fire crab simulacrum (Lair:3)
  A human zombie (Ossuary)
  21 orc priests
  A hound (D:4)
  A gnoll shaman (D:7)
  2 water moccasin simulacra (Lair:3)
  A bullfrog skeleton (D:7)
  2 centaur skeletons
  4 iguanas
  24 orc wizards
  3 killer bee zombies (D:7)
  4 ogre zombies (D:11)
  A hound zombie (D:5)
  A hound skeleton (D:4)
  9 mummies
  12 adders
  10 gnolls
  A howler monkey skeleton (D:7)
  A shadow imp (D:7)
  A white imp (D:7)
  2 ufetubi
  An adder skeleton (D:4)
  3 worms
  4 dart slugs
  60 orcs
  6 endoplasms
  3 giant cockroaches
  6 hobgoblins
  2 jackals (D:1)
  12 kobolds
  4 quokkas
  4 ball pythons
  3 bats
  A frilled lizard (D:2)
  2 gnoll zombies (Ossuary)
  A goblin (D:4)
  A goblin skeleton (D:11)
  4 goblin zombies
  A hobgoblin skeleton (D:11)
  3 hobgoblin zombies
  3 orc skeletons (D:11)
  12 orc zombies (D:11)
  2 rats (D:1)
737 creatures vanquished.

Vanquished Creatures (collateral kills)
  A catoblepas (D:13)
  A centaur warrior (D:13)
  2 two-headed ogres
  A deep troll (Orc:2)
  An orc sorcerer (Orc:1)
  A hornet (D:13)
  A warg (Orc:2)
  4 orc warriors (Orc:1)
  3 orc priests (Orc:1)
  3 orc wizards (Orc:1)
  11 orcs
29 creatures vanquished.

Vanquished Creatures (others)
  An orc (Orc:1)
  486 foxfires
  27 fungi
  72 plants
  35 withered plants
621 creatures vanquished.

Grand Total: 1387 creatures vanquished

Notes
Turn   | Place    | Note
-------+----------+-------------------------------------------
     0 | D:1      | robertstho the Djinni Fire Elementalist began the quest for
                  | the Orb.
     0 | D:1      | Reached XP level 1. HP: 15/15 MP: 0/0
    62 | D:1      | Noticed an iguana
    62 | D:1      | Noticed a rime drake
    63 | D:1      | Noticed a salamander
    63 | D:1      | Noticed a hog
   303 | D:1      | Reached skill level 3 in Spellcasting
   365 | D:1      | Reached XP level 2. HP: 14/21 MP: 0/0
  1053 | D:1      | Reached XP level 3. HP: 18/25 MP: 0/0
  1053 | D:1      | Learned a level 1 spell: Sandblast
  1832 | D:2      | Reached skill level 1 in Fighting
  1995 | D:2      | Reached XP level 4. HP: 27/32 MP: 0/0
  2125 | D:2      | Reached skill level 4 in Spellcasting
  2151 | D:2      | You are sucked into a shaft and drop 2 floors!
  2227 | D:4      | Reached XP level 5. HP: 31/37 MP: 0/0
  2227 | D:4      | Learned a level 2 spell: Searing Ray
  2438 | D:4      | Noticed an ogre
  2444 | D:4      | Killed an ogre
  2445 | D:4      | Reached skill level 5 in Spellcasting
  2445 | D:4      | Reached XP level 6. HP: 37/42 MP: 0/0
  2446 | D:4      | Found a glowing drain.
  2455 | Sewer    | Entered a sewer
  2520 | Sewer    | Noticed Purgy
  2531 | Sewer    | Killed Purgy
  2820 | D:4      | Found an ornate altar of the Wu Jian Council.
  2950 | D:4      | Reached XP level 7. HP: 47/47 MP: 0/0
  2950 | D:4      | Learned a level 3 spell: Spider Form
  2973 | D:4      | Found a blossoming altar of Fedhas.
  3166 | D:4      | Reached skill level 1 in Armour
  3241 | D:5      | Entered Level 5 of the Dungeon
  3263 | D:5      | Reached skill level 6 in Spellcasting
  3462 | D:5      | Reached skill level 7 in Spellcasting
  3462 | D:5      | Reached XP level 8. HP: 52/52 MP: 0/0
  3464 | D:5      | Found a staircase to the Ecumenical Temple.
  3489 | Temple   | Entered the Ecumenical Temple
  4199 | D:6      | Reached skill level 8 in Spellcasting
  4224 | D:6      | Found a white marble altar of Elyvilon.
  4225 | D:6      | Found a broken altar of Ashenzari.
  4225 | D:6      | Found a basalt altar of Yredelemnul.
  4228 | D:6      | Found a bloodstained altar of Trog.
  4234 | D:6      | Found a sacrificial altar of Ru.
  4239 | D:6      | Became a worshipper of Ashenzari the Shackled
  4272 | D:6      | Found Jejyupt's Jewellery Shoppe.
  4372 | D:6      | Noticed Edmund
  4385 | D:6      | Killed Edmund
  4386 | D:6      | Reached XP level 9. HP: 58/58 MP: 0/0
  4386 | D:6      | Learned a level 3 spell: Stone Arrow
  4661 | D:7      | Noticed a great orb of eyes
  4679 | D:7      | Reached skill level 5 in Armour
  4679 | D:7      | Reached skill level 9 in Spellcasting
  4813 | D:7      | Paralysed by a great orb of eyes for 7 turns
  4827 | D:7      | Killed a great orb of eyes
  4850 | D:7      | Noticed a hornet
  4852 | D:7      | Killed a hornet
  4853 | D:7      | Reached XP level 10. HP: 53/65 MP: 0/0
  4857 | D:7      | Reached skill level 10 in Spellcasting
  5169 | D:7      | Found a snail-covered altar of Cheibriados.
  5236 | D:7      | Reached * piety under Ashenzari
  5705 | D:8      | Reached skill level 1 in Maces & Flails
  5708 | D:8      | Noticed a boulder beetle
  5715 | D:8      | Found the ring of the Octopus King {MP+9 AC+1 EV+1 Str+1
                  | Int+1 Dex+1}
  5715 | D:8      | Found the ring of the Octopus King {MP+9 AC+1 EV+1 Str+1
                  | Int+1 Dex+1}
  5715 | D:8      | Noticed a manticore
  5723 | D:8      | Killed a manticore
  5724 | D:8      | Reached skill level 11 in Spellcasting
  5728 | D:8      | Noticed a gargoyle
  5730 | D:8      | Killed a gargoyle
  5745 | D:8      | Reached XP level 11. HP: 5/71 MP: 0/0
  5745 | D:8      | Learned a level 5 spell: Lee's Rapid Deconstruction
  5814 | D:8      | Killed a boulder beetle
  5815 | D:8      | Reached skill level 5 in Dodging
  5948 | D:8      | Found a sand-covered staircase.
  5954 | Ossuary  | Entered an ossuary
  6177 | D:8      | Identified a scroll of acquirement
  6240 | D:8      | Found a staircase to the Lair.
  6400 | D:8      | Reached ** piety under Ashenzari
  6400 | D:8      | Reached *** piety under Ashenzari
  6782 | D:9      | Reached skill level 12 in Spellcasting
  7045 | D:9      | Noticed a two-headed ogre
  7063 | D:9      | Killed a two-headed ogre
  7688 | D:10     | Entered Level 10 of the Dungeon
  7803 | D:10     | Noticed Harold
  7803 | D:10     | Noticed a boulder beetle
  7866 | D:9      | Acquired 1110 gold pieces
  7965 | D:6      | Bought an amulet of regeneration for 330 gold pieces
  7965 | D:6      | Bought a +4 ring of protection for 396 gold pieces
  8056 | Lair:1   | Entered Level 1 of the Lair of Beasts
  8131 | Lair:1   | Reached **** piety under Ashenzari
  8150 | Lair:1   | Reached XP level 12. HP: 63/81 MP: 0/0
  8163 | Lair:1   | Reached skill level 13 in Spellcasting
  8254 | Lair:1   | Identified the +7 falchion of Radicalism {drain, rF- Int+9}
  8264 | Lair:1   | Noticed a seven-headed hydra
  8269 | Lair:1   | Killed a seven-headed hydra
  8509 | Lair:1   | Reached ***** piety under Ashenzari
  8878 | Lair:2   | Found the +8 whip "Snakebite" {curare, rPois}
  9656 | Lair:2   | Reached skill level 14 in Spellcasting
  9775 | Lair:3   | Acquired the ring of Noupamm {rElec rPois Dex+6 Stlth-}
  9804 | Lair:3   | Found a staircase to the Snake Pit.
  9957 | Lair:3   | Reached XP level 13. HP: 81/87 MP: 0/0
  9957 | Lair:3   | Learned a level 5 spell: Irradiate
  9987 | Lair:3   | Found a staircase to the Shoals.
 10008 | Lair:3   | Found a runed translucent gate.
 10008 | Lair:3   | Found a runed translucent gate.
 10008 | Lair:3   | Found a runed translucent gate.
 10098 | Lair:3   | Noticed Demosthentine's ghost (journeyman MfGl)
 10100 | Lair:3   | Identified the ring of Kovepyss {Fire rElec MP+9 Str+4}
 10607 | Lair:3   | Killed Demosthentine's ghost
 10728 | Lair:4   | Reached skill level 15 in Spellcasting
 10771 | Lair:4   | Reached skill level 10 in Armour
 10808 | Lair:4   | Reached skill level 5 in Stealth
 11056 | Lair:4   | Noticed indyram44's ghost (journeyman DsFi)
 11065 | Lair:4   | Found a runed translucent door.
 11517 | Lair:5   | Found a staircase to the Slime Pits.
 11651 | Lair:5   | Upgraded the game from 0.27-a0-1090-gb115f176c6 to
                  | 0.27-a0-1101-ge311f74bc8
 11903 | Lair:5   | Reached XP level 14. HP: 81/98 MP: 0/0
 11939 | Lair:5   | Identified the +14 plate armour of Boredom {Drain rF++
                  | Int-2 Dex+8}
 12209 | Lair:6   | Entered Level 6 of the Lair of Beasts
 12290 | Lair:6   | Reached skill level 16 in Spellcasting
 12452 | Lair:6   | Noticed a dire elephant
 12452 | Lair:6   | Noticed a dire elephant
 12452 | Lair:6   | Noticed a dire elephant
 12455 | Lair:6   | Noticed a dire elephant
 12465 | Lair:6   | Identified the +4 dagger of the Crawling Thing {vorpal,
                  | Dex+4 SInv Stlth+}
 12649 | Lair:6   | Killed a dire elephant
 12650 | Lair:6   | Killed a dire elephant
 12652 | Lair:6   | Killed a dire elephant
 12660 | Lair:6   | Gained mutation: Your spells are a little easier to cast,
                  | but a little less powerful. [mutagenic glow]
 12665 | Lair:6   | Killed a dire elephant
 12780 | Lair:6   | Identified the +4 robe of Proximity {rN+}
 13290 | Lair:6   | Reached skill level 17 in Spellcasting
 13377 | Lair:6   | Reached XP level 15. HP: 100/105 MP: 0/0
 13377 | Lair:6   | Learned a level 6 spell: Shadow Creatures
 13782 | D:10     | Killed Harold
 14233 | D:11     | Found a staircase to the Orcish Mines.
 14724 | Orc:1    | Entered Level 1 of the Orcish Mines
 14904 | Orc:2    | Entered Level 2 of the Orcish Mines
 14956 | Orc:2    | Found a staircase to the Elven Halls.
 15061 | Orc:2    | Noticed Urug
 15067 | Orc:2    | Killed Urug
 15184 | Orc:2    | Paralysed by an ogre mage for 5 turns
 15428 | Orc:2    | Reached skill level 18 in Spellcasting
 15439 | Orc:2    | Gained mutation: You are dopey. (Int -2) [mutagenic glow]
 15499 | Orc:2    | Acquired a manual of Armour
 15517 | Orc:2    | Found Wecelygo's Weapon Shoppe.
 15546 | Orc:2    | Found Peloil's Book Shop.
 15552 | Orc:2    | Found Ecisil's Armour Emporium.
 15560 | Orc:2    | Found Taorepp's Antique Armour Emporium.
 16025 | Orc:1    | Noticed Maurice
 16034 | Orc:1    | Killed Maurice
 16783 | D:13     | Noticed a ghoul
 16788 | D:13     | Killed a ghoul
 16797 | D:13     | Reached XP level 16. HP: 79/112 MP: 0/0
 17019 | D:13     | Gained mutation: You tend to lose your temper in combat.
                  | [mutagenic glow]
 17489 | D:14     | Reached skill level 19 in Spellcasting
 17678 | D:13     | Acquired 822 gold pieces
 17923 | D:14     | Found a gate to the Vaults.
 18133 | D:15     | Entered Level 15 of the Dungeon
 18203 | D:15     | Found a white marble altar of Elyvilon.
 18502 | D:15     | Found a runed translucent door.
 18548 | D:15     | Gained mutation: You are very dopey. (Int -4) [mutagenic
                  | glow]
 18550 | D:15     | Killed from afar by a frost giant

Illustrated notes

Levels and vault maps discovered:
D:1:      onia_arrival_zoo_common, layout_basic
D:2:      layout_basic, shapermc_ecumenical_altar_venn, minmay_door_square
D:4:      layout_gridville, nicolae_overflow_crystal_walls,
          nzn_wu_jian_council_hall, portal_sewer_entry_d,
          nicolae_zen_rock_garden, grunt_decor_clamped, corexii_corridor_pit
D:5:      layout_basic, minmay_temple_entry_overgrown, minmay_misc_feat_alley
D:6:      layout_rooms, grunt_temple_overflow_open, serial_shops,
          kennysheep_mini, uniq_edmund
D:7:      nzn_winding_woodlands_three_and_one
          [nzn_winding_woodlands_5x15_parted,
          nzn_winding_woodlands_5x15_longhouse,
          nzn_winding_woodlands_5x15_jagged,
          nzn_winding_woodlands_center_lodge], layout_gridville,
          kennysheep_slug_shrine, minmay_misc_feat_cross, minmay_starry_boxes
D:8:      cheibrodos_ideogram_h, layout_basic, david_lair_generic,
          nicolae_ossuary_entry_giza
D:9:      layout_long_grid, serial_rivers, chequers_serial_rivers_small_b,
          chequers_serial_rivers_micro_c, chequers_serial_rivers_micro_a,
          chequers_serial_rivers_micro_c, chequers_serial_rivers_micro_d
D:10:     layout_basic, kennysheep_decorative_pillar,
          hangedman_abyss_or_decor_clamps, kennysheep_pointless_box, uniq_harold
D:11:     layout_loops_ring, zombieorc1_lemuel, serial_bayou_pond_c,
          nrook_loot_triangle
D:12:     layout_roguey
D:13:     layout_roguey, serial_undead, serial_undead_e, serial_undead_f,
          serial_undead_f, serial_undead_d, serial_undead_f, serial_undead_a,
          serial_undead_f, serial_undead_b, serial_undead_c, serial_undead_b,
          kennysheep_cluttered_room, minmay_bent
D:14:     minmay_inside_and_out, layout_rooms, serial_glass, glass_columns_b,
          glass_columns_a, glass_columns_a, glass_columns_c,
          unseen_surprise_small, item_on_display_a
D:15:     grunt_enter_depths_hoard, layout_irregular_city, elyvilon_altar_1,
          minivault_13
Temple:   jpeg_temple_clearing
Lair:1:   layout_chaotic_city
Lair:2:   minmay_guarded_unrand_snakebite, layout_gridlike,
          minmay_lair_oklob_chamber, serial_bayou_shore_a, lemuel_fruit_tree
Lair:3:   layout_regular_city, minmay_shoals_entry_centaurs, dummy_snake_entry,
          gammafunk_ghost_icy, small_statue_intersection,
          infiniplex_staircase_pool, lemuel_fruit_fields
Lair:4:   layout_roguey, gammafunk_ghost_grave, serial_bayou_pond_c,
          st_stairs_4, serial_bayou_shore_b
Lair:5:   layout_regular_city, slime_dummy, minmay_shattered_shrine
Lair:6:   due_jungle_book, layout_long_grid, nicolae_quartered_pool_super,
          grunt_megastairs_2
Orc:1:    layout_caves, uniq_maurice
Orc:2:    st_orc_open, layout_diamond_mine, nicolae_orc_stony_grotto,
          nicolae_orc_rockfall, uniq_urug

Skill      XL: |  1  2  3  4  5  6  7  8  9 10 11 12 13 14 15 16 |
---------------+-------------------------------------------------+-----
Spellcasting   | 3 4 5 7 8 9 11 12 14 15 17 18 19 | 19.5
Fighting       | 1 2 3 4 |  4.7
Stealth        | 2 3 4 5 |  5.1
Armour         | 2 4 5 7 8 9 10 11 12 13 | 13.9
Dodging        | 3 4 5 6 |  6.6
Maces & Flails | 1 2 3 |  3.3
Short Blades   | |  0.9

Action                   |  1- 3 |  4- 6 |  7- 9 | 10-12 | 13-15 | 16-18 || total
-------------------------+-------+-------+-------+-------+-------+-------++-------
Melee: Short sword       |       |       |     2 |       |       |       ||     2
       Dire flail        |       |       |     2 |    10 |       |       ||    12
       Whip              |       |       |       |       |    26 |    11 ||    37
 Cast: Foxfire           |    86 |    78 |   104 |    35 |     7 |       ||   310
       Sticky Flame      |       |       |    20 |    30 |    47 |    13 ||   110
       Conjure Flame     |       |       |     1 |       |       |       ||     1
       Inner Flame       |       |       |     1 |       |       |       ||     1
       Fireball          |       |       |    14 |   240 |   302 |   116 ||   672
       Searing Ray       |       |       |       |     1 |       |       ||     1
       Irradiate         |       |       |       |       |    65 |    31 ||    96
       Lee's Rapid Decon |       |       |       |       |   138 |    38 ||   176
       Shadow Creatures  |       |       |       |       |    24 |     9 ||    33
Invok: Curse Item        |       |       |     1 |     7 |     2 |       ||    10
       Shatter the Chain |       |       |       |     1 |     1 |       ||     2
  Use: Scroll            |     2 |     1 |     7 |     6 |     5 |     1 ||    22
       Potion            |       |       |     2 |     2 |     3 |     1 ||     8
 Stab: Sleeping          |       |       |       |     2 |       |       ||     2
Armor: Robe              |     1 |       |       |       |       |       ||     1
       Troll leather arm |       |       |    17 |    13 |    47 |    21 ||    98
Dodge: Dodged            |     7 |     4 |    34 |    54 |   204 |    59 ||   362
       Repelled          |       |       |       |       |     3 |       ||     3

Table legend: (Time is in decaauts)
 A = Elapsed time spent in this place.
 B = Non-inter-level travel time spent in this place.
 C = Inter-level travel time spent in this place.
 D = Time resting spent in this place.
 E = Time spent auto-exploring this place.
 F = Levels seen in this place.
 G = Mean time per level.
                   A        B        C        D        E       F      G
               +--------+--------+--------+--------+--------+-----+--------+
         Total |  18584 |  17428 |   1156 |    477 |  13513 |  25 |  743.4 |
       Dungeon |  11090 |  10457 |    633 |    177 |   8408 |  14 |  792.1 |
        Temple |     88 |     74 |     14 |      0 |     74 |   1 |   88.0 |
          Lair |   5566 |   5171 |    395 |    269 |   3874 |   6 |  927.7 |
  Orcish Mines |   1429 |   1315 |    114 |     25 |    913 |   2 |  714.5 |
         Sewer |    190 |    190 |      0 |      0 |    134 |   1 |  190.0 |
       Ossuary |    218 |    218 |      0 |      6 |    110 |   1 |  218.0 |
               +--------+--------+--------+--------+--------+-----+--------+

Top non-repeatable levels by time:
     D:1: 1485 daAuts
     D:7: 1279 daAuts
  Lair:6: 1187 daAuts
     D:9: 988 daAuts
     D:8: 985 daAuts
  Lair:3: 972 daAuts
  Lair:5: 950 daAuts
  Lair:2: 943 daAuts
   Orc:2: 920 daAuts
     D:4: 899 daAuts
    D:13: 784 daAuts
  Lair:1: 773 daAuts
  Lair:4: 739 daAuts
    D:11: 682 daAuts
     D:2: 664 daAuts
